 Dungeon Crawl Stone Soup version 0.27-a0-277-g024f7ef292 (webtiles) character file.

Game seed: 18137391371212198020

69 Borgoz the Cudgeller (level 4, -5/30 HPs)
             Began as a Gargoyle Gladiator on Feb 5, 2021.
             Slain by a gnoll
             ... wielding a +0 halberd
              (8 damage)
             ... on level 2 of the Dungeon.
             The game lasted 00:01:44 (1836 turns).

Borgoz the Cudgeller (Gargoyle Gladiator)           Turns: 1836, Time: 00:01:44

Health: -5/30      AC:  8    Str: 17    XL:     4   Next: 20%
Magic:  4/4        EV: 11    Int:  9    God:
Gold:   36         SH:  0    Dex: 12    Spells: 3/3 levels left

rFire    . . .     SeeInvis .   a - +0 flail
rCold    . . .     Faith    .   (no shield)
rNeg     + . .     Spirit   .   e - +0 ring mail
rPois    ∞         Reflect  .   (helmet restricted)
rElec    +         Harm     .   (no cloak)
rCorr    .         Rampage  .   (no gloves)
Will     ++...                  (no boots)
Stlth    +.........             (no amulet)
HPRegen  0.10/turn              b - ring of willpower
MPRegen  0.09/turn              (no ring)

@: brilliant, attractive
A: horns 1, strong-willed 1, negative energy resistance 1, robust 1, electricity
resistance, unbreathing, petrification resistance, miasma immunity, AC +3
a: no special abilities


You were on level 2 of the Dungeon.
You visited 1 branch of the dungeon, and saw 2 of its levels.

You collected 36 gold pieces.

Inventory:

Hand Weapons
 a - a +0 flail (weapon)
Armour
 c - a +0 helmet
 e - a +0 ring mail (worn)
Jewellery
 b - a ring of willpower (left hand)
Scrolls
 f - 2 scrolls of identify {unknown}
 h - 2 scrolls of fear
 i - a scroll of immolation {unknown}
 j - a scroll of magic mapping {unknown}
 k - a scroll of remove curse {unknown}


   Skills:
 + Level 3.1 Fighting
 + Level 3.5 Maces & Flails
 - Level 1.7 Throwing
 + Level 1.6 Armour
 + Level 2.9 Dodging


You had 3 spell levels left.
You didn't know any spells.
Your spell library was empty.

Dungeon Overview and Level Annotations

Branches:
Dungeon (2/15)

Altars:
Hepliaklqana
Xom


Innate Abilities, Weirdness & Mutations

You are resistant to torment.
Your stone body is resilient. (AC +3)
You are immune to poison.
You resist negative energy. (rN+)
You are resistant to electric shocks. (rElec)
You can survive without breathing.
You are immune to petrification.
You are immune to miasma.
You have a pair of small horns on your head.
You are strong-willed. (Will+)
You are robust. (+10% HP)


Message History

Press: ? - help, Q - select action Shift-Dir - straight line, f/p - gnoll
Aim: a gnoll, wielding a +0 club (severely wounded, 61% to hit)
You throw a throwing net.
The throwing net barely misses the gnoll.
The throwing net barely misses the gnoll.
The throwing net barely misses the goblin.
The gnoll hits you but does no damage.
Throw: throwing net
Press: ? - help, Q - select action Shift-Dir - straight line, f/p - gnoll
Aim: a gnoll, wielding a +0 club (severely wounded, 61% to hit)
You throw a throwing net.
The throwing net closely misses the gnoll.
The throwing net barely misses the gnoll.
The throwing net closely misses the goblin.
The gnoll closely misses you.
You barely miss the gnoll.
The gnoll is severely wounded.
The gnoll barely misses you.
The gnoll hits you from afar with a +0 halberd!
You die...

#.........#.# #.........#.#
#.........#.# #.........#.#
.........#.# .g......#.#
#)._..# #.#
#####################....# #.#
................@ggg.(#### #.#
####################### #.# #.#
#.# #.#
#############################.#
(...).........................#
#############################.#
###


You could see 2 gnolls and a goblin.

Vanquished Creatures
  A gnoll (D:2)
  A dart slug (D:2)
  3 leopard geckos
  3 giant cockroaches (D:1)
  4 goblins
  8 hobgoblins
  2 jackals (D:2)
  7 kobolds
  2 quokkas (D:2)
  2 ball pythons (D:1)
  8 bats
  3 frilled lizards
  6 rats
50 creatures vanquished.

Notes
Turn   | Place    | Note
-------+----------+-------------------------------------------
     0 | D:1      | Borgoz the Gargoyle Gladiator began the quest for the Orb.
     0 | D:1      | Reached XP level 1. HP: 12/12 MP: 1/1
   166 | D:1      | Reached XP level 2. HP: 13/18 MP: 2/2
   369 | D:1      | Reached skill level 1 in Armour
   535 | D:1      | Reached XP level 3. HP: 21/22 MP: 3/3
  1600 | D:2      | Reached XP level 4. HP: 28/28 MP: 4/4
  1622 | D:2      | Found a hazy altar of Hepliaklqana.
  1809 | D:2      | Found a shimmering altar of Xom.
  1832 | D:2      | Gained mutation: You have a pair of small horns on your
                  | head. [potion of mutation]
  1832 | D:2      | Gained mutation: You are robust. (+10% HP) [potion of
                  | mutation]
  1832 | D:2      | Gained mutation: You are strong-willed. (Will+) [potion of
                  | mutation]
  1836 | D:2      | Slain by a gnoll

Illustrated notes

Levels and vault maps discovered:
D:1:      amcnicky_arrival_blooded_trapdoor, layout_loops_ring
D:2:      layout_basic, nzn_hepliaklqana_mist_gate, brannock_xom_greatest_gift

Skill      XL: |  1  2  3 |
---------------+----------+-----
Armour         | 1 |  1.6
Fighting       | 3 |  3.1
Maces & Flails | |  3.5
Throwing       | |  1.7
Dodging        | |  2.9

Action                   |  1- 3 |  4- 6 || total
-------------------------+-------+-------++-------
Melee: Flail             |   214 |    16 ||   230
Throw: Throwing net      |       |     3 ||     3
  Use: Scroll            |     1 |       ||     1
       Potion            |       |     3 ||     3
Armor: Ring mail         |   133 |    18 ||   151
       Leather armour    |     5 |       ||     5
Dodge: Dodged            |   188 |    17 ||   205

Table legend: (Time is in decaauts)
 A = Elapsed time spent in this place.
 B = Non-inter-level travel time spent in this place.
 C = Inter-level travel time spent in this place.
 D = Time resting spent in this place.
 E = Time spent auto-exploring this place.
 F = Levels seen in this place.
 G = Mean time per level.
                   A        B        C        D        E       F      G
               +--------+--------+--------+--------+--------+-----+--------+
         Total |   1889 |   1852 |     37 |     92 |   1290 |   2 |  944.5 |
       Dungeon |   1889 |   1852 |     37 |     92 |   1290 |   2 |  944.5 |
               +--------+--------+--------+--------+--------+-----+--------+

Top non-repeatable levels by time:
     D:1: 1087 daAuts
     D:2: 801 daAuts
